[Event "Late-Titled-Tuesday-Blitz-February-20-2024"]
[Site "Chess.com"]
[Date "2024.02.20"]
[Round "2"]
[White "GolfBeforeChess"]
[Black "Jaka_Brilej"]
[Result "0-1"]
[WhiteElo "2263"]
[BlackElo "2496"]
[TimeControl "180+1"]
[EndTime "14:17:10 PST"]
[Termination "Jaka_Brilej won by resignation"]

1. Nf3 d5 2. b3 Bf5 3. Bb2 h6 4.
g3 Nf6 5. Bg2 e6 6. d3 Bd6 7.
Nbd2 O-O 8. O-O Bh7 9. c4 c6 10. Rc1 a5 11. a3 Qe7 12. a4 Na6 13. Ne5 Nb4 14. Ndf3 Nd7 15. Nxd7 Qxd7 16. Qd2 b5 17.
cxb5 cxb5 18. axb5 Qxb5 19. Nd4 Qb6 20. Nf3 Rfc8 21.
Bd4 Qb7 22. Rxc8+ Rxc8 23. Rc1 f6 24. Rxc8+ Qxc8 25. Qc3 Qb7 26. Bh3 Kf7 27. Bc5 Qc7 28. Bxb4 axb4 29. Qxc7+ Bxc7 30. Nd4 f5 31. Nc6 Bd6 32.
Kf1 Kf6 33. f4 Bg6 34. Ke1 Be8 35. Nd4 g5 36. e3 Bc5 37. Nc2 Bd6 38. Kd2 Bb5 39. Bg2 Bd7 40. Bf3 Kg6 41. Bg2 Kf6 42. Ke2 Ke7 43. e4 dxe4 44. dxe4 fxe4 45. Bxe4 gxf4 46.
gxf4 Kf6 47. Kf3 Bb5 48. Nd4 Be8 49. Bc6 Bh5+ 50. Ke3 Bc5 51. Kd3 Bd6 52. Bd7 Bg6+ 53. Ke3 Bc5 54. Bc8 e5 55. fxe5+ Kxe5 0-1

[Event "Late-Titled-Tuesday-Blitz-February-20-2024"]
[Site "Chess.com"]
[Date "2024.02.20"]
[Round "2"]
[White "ozates"]
[Black "tptagain"]
[Result "1-0"]
[WhiteElo "2586"]
[BlackElo "2942"]
[TimeControl "180+1"]
[EndTime "14:17:11 PST"]
[Termination "ozates won by resignation"]

1. e4 c6 2. Nf3 d5 3. d3 e6 4. Nbd2 Nf6 5. e5 Nfd7 6. d4 c5 7. c3 Nc6 8. Bd3 Qb6 9. O-O cxd4 10. Re1 Be7 11. h4 h6 12. h5 O-O 13. Nb3 dxc3 14. bxc3 Qc7 15. Bf4 Rd8 16. Qd2 Bf8 17. Bc2 Qb6 18.
g4 Qa6 19. g5 hxg5 20. Bxg5 Ne7 21. Nbd4 Re8 22. Qf4 Nf5 23. Kh2 Nc5 24. Rg1 Ne4 25.
Bf6 Kh8 26. Bxe4 dxe4 27. Ng5 Re7 28. Bxe7 Bxe7 29. Nxf7+ Kg8 30. Nh6+ Kf8 31. Nhxf5 exf5 32. Nxf5 Ke8 33. Nxg7+ Kd8 34. Rad1+ Kc7 35. Ne8+ Kb6 36. Rg6+ Ka5 37. Rxa6+ Kxa6 38. Nc7+ 1-0

[Event "Late-Titled-Tuesday-Blitz-February-20-2024"]
[Site "Chess.com"]
[Date "2024.02.20"]
[Round "2"]
[White "adiosabu"]
[Black "TenisMaster"]
[Result "0-1"]
[WhiteElo "2560"]
[BlackElo "2940"]
[TimeControl "180+1"]
[EndTime "14:17:12 PST"]
[Termination "TenisMaster won by checkmate"]

1. e4 d5 2. exd5 Qxd5 3. Nc3 Qa5 4. d4 Nf6 5. Bc4 Bf5 6. Nf3 e6 7. O-O Nc6 8. Bb5 Bb4 9. Bxc6+ bxc6 10. Ne2 Bd6 11. Ng3 Bg6 12. Re1 O-O 13. Ne5 c5 14.
dxc5 Qxc5 15. Nxg6 hxg6 16. Be3 Qc6 17. Qe2 Nd5 18. c3 Nxe3 19. Qxe3 Rfd8 20. Rad1 a5 21. Ne4 Be7 22. g3 a4 23. a3 Rab8 24. Rd2 Rxd2 25.
Qxd2 Qb5 26. Re2 Rd8 27. Qe3 Rd1+ 28. Kg2 Qd5 29. f3 Qb5 30. Qf2 f5 31. c4 Qxc4 32.
Rc2 Qd3 33. Nc3 Ra1 34. Nxa4 Bf6 35. Nc5 Qd5 36. Rd2 Qc4 37. Rc2 Qa2 38. Qe2 Kh7 39.
Nxe6 Qb1 40. Nf8+ Kh6 41. Ne6 Qg1+ 42. Kh3 g5 43. Rc6 Rf1 44. Nxg5 Rf2 45. Nf7+ Kg6 46. Ne5+ Kh7 47. Qxf2 Qxf2 48. Nd7 Qf1# 0-1

[Event "Late-Titled-Tuesday-Blitz-February-20-2024"]
[Site "Chess.com"]
[Date "2024.02.20"]
[Round "2"]
[White "WPWPWP-2015"]
[Black "yuriydovzik"]
[Result "1-0"]
[WhiteElo "2447"]
[BlackElo "2156"]
[TimeControl "180+1"]
[EndTime "14:17:13 PST"]
[Termination "WPWPWP-2015 won on time"]

1. e4 c6 2. Nc3 d5 3. d4 dxe4 4. Nxe4 Nf6 5. Nc3 Bf5 6. Nge2 e6 7. Bf4 Bd6 8. Qd2 Nd5 9. Bxd6 Qxd6 10. g3 Nd7 11. Bg2 N7f6 12. O-O O-O 13. Rfe1 Rad8 14.
a3 h6 15. Rad1 Qc7 16. Na4 Nb6 17. Nc5 Nfd7 18. Qc3 Nd5 19. Qb3 Nxc5 20. dxc5 Nf6 21. Nd4 Bg6 22. Qc4 e5 23. Nb3 Rxd1 24. Rxd1 Rd8 25. Re1 Bf5 26. h3 Be6 27. Qc3 Bxb3 28. cxb3 Rd4 29. b4 Nd5 30. Qc2 Ne7 31. Qe2 Ng6 32.
h4 f6 33. Qh5 Nf8 34. Be4 Qf7 35. Qe2 Qc4 36. Qf3 Rd2 37. b3 Qd4 38. Kg2 1-0

[Event "Late-Titled-Tuesday-Blitz-February-20-2024"]
[Site "Chess.com"]
[Date "2024.02.20"]
[Round "2"]
[White "otrov-11"]
[Black "vi_pranav"]
[Result "1/2-1/2"]
[WhiteElo "2612"]
[BlackElo "3004"]
[TimeControl "180+1"]
[EndTime "14:17:14 PST"]
[Termination "Game drawn by repetition"]

1. d4 Nf6 2. c4 e6 3. g3 c5 4. d5 exd5 5. cxd5 b5 6. Bg2 d6 7. Nf3 Be7 8. O-O O-O 9. Re1 Re8 10.
a4 b4 11. Nfd2 Ba6 12. b3 Nbd7 13. Bb2 Bf8 14. Nc4 Bxc4 15. bxc4 Ne5 16. Nd2 h5 17. h3 g6 18. Qc2 Bh6 19. f4 Ned7 20. e4 Nh7 21. e5 Bg7 22. Nf3 Nhf8 23. e6 b3 24. exf7+ Kxf7 25. Qd2 Bxb2 26. Qxb2 Qf6 27. Qxb3 Rab8 28.
Qd3 Nh7 29. Rab1 Rxb1 30. Rxb1 Re7 31. a5 Kg7 32. h4 Ndf8 33. Bh3 Kh8 34. a6 Qg7 35. Kg2 Nf6 36. Ng5 N6h7 37. Nf3 Nf6 38. Ng5 N6h7 39. Nf3 1/2-1/2

[Event "Late-Titled-Tuesday-Blitz-February-20-2024"]
[Site "Chess.com"]
[Date "2024.02.20"]
[Round "2"]
[White "Noki102"]
[Black "GMAkobianSTL"]
[Result "1-0"]
[WhiteElo "2532"]
[BlackElo "2797"]
[TimeControl "180+1"]
[EndTime "14:17:14 PST"]
[Termination "Noki102 won by resignation"]

1. d4 e6 2. Nf3 f5 3. Bf4 Nf6 4. e3 d5 5. Nbd2 Bd6 6. Rc1 O-O 7. Be2 c5 8. Bxd6 Qxd6 9. dxc5 Qxc5 10. c4 Nc6 11.
cxd5 Qxd5 12. Bc4 Qd6 13. O-O Kh8 14. Nb3 Qe7 15. Nbd4 e5 16. Nxc6 bxc6 17. Qb3 e4 18.
Ng5 h6 19. Nf7+ Kh7 20. Rfd1 Nd5 21. Rxd5 cxd5 22. Bxd5 Bd7 23. Bxa8 Rxa8 24. Qd5 Rb8 25. Ne5 Be6 26. Nc6 Bxd5 27. Nxe7 Bxa2 28. Nc6 Rc8 29. Rc3 a6 30. Kf1 Bd5 31. Nb4 Rxc3 32. bxc3 Bc4+ 33.
Ke1 a5 34. Nc2 Kg6 35. Na3 Bd3 36. f4 exf3 37. gxf3 Kf6 38. Kf2 g5 39. Kg3 h5 40.
h4 g4 41. Kf4 Be2 42. fxg4 fxg4 43. Nc2 Bd3 44. Nd4 a4 45. Nc6 a3 46. Nb4 Bc4 47.
Nc2 a2 48. Na1 Kg6 49. e4 Kf6 50. e5+ Ke6 51. Nc2 Bb3 52. Nd4+ Kd5 53. Nxb3 Kc4 54. Na1 Kxc3 55. e6 Kb2 56. e7 Kxa1 57. e8=Q Kb2 58.
Qe2+ Kb1 59. Qd1+ Kb2 60. Qd2+ Kb1 61. Qb4+ Kc2 62. Qa3 Kb1 63. Qb3+ Ka1 64. Qc2 1-0

[Event "Late-Titled-Tuesday-Blitz-February-20-2024"]
[Site "Chess.com"]
[Date "2024.02.20"]
[Round "2"]
[White "TheKingDoctor"]
[Black "chegueps"]
[Result "0-1"]
[WhiteElo "2359"]
[BlackElo "2658"]
[TimeControl "180+1"]
[EndTime "14:17:14 PST"]
[Termination "chegueps won by resignation"]

1. e4 c6 2. d4 d5 3. Nc3 dxe4 4. Nxe4 Nf6 5. Nxf6+ exf6 6. c3 Bd6 7. Bd3 O-O 8.
Qh5 g6 9. Qh4 Re8+ 10. Ne2 f5 11. Bg5 Be7 12. Bxe7 Rxe7 13. O-O-O Be6 14. Kb1 Na6 15.
Rhe1 Qe8 16. Qf6 Nc7 17. c4 b5 18. b3 bxc4 19. bxc4 Rb8+ 20. Ka1 Na6 21. Nc3 Nb4 22.
d5 cxd5 23. cxd5 Qd8 24. dxe6 Qxd3 25. Nb5 Nc2+ 26. Kb2 Rxb5+ 27. Kc1 Qa3+ 28. Kd2 Qb4+ 29. Kxc2 Rc5+ 30. Kd3 Qc4+ 31. Kd2 Rd5+ 32. Ke3 Rxe6+ 33. Qxe6 fxe6 34. Kf3 Rxd1 35. Rxd1 Qg4+ 36. Ke3 Qxd1 0-1

[Event "Late-Titled-Tuesday-Blitz-February-20-2024"]
[Site "Chess.com"]
[Date "2024.02.20"]
[Round "2"]
[White "HalfIsCrayfish"]
[Black "ContrVersia"]
[Result "0-1"]
[WhiteElo "2530"]
[BlackElo "2858"]
[TimeControl "180+1"]
[EndTime "14:17:16 PST"]
[Termination "ContrVersia won by resignation"]

1. d4 Nf6 2. c4 g6 3. f3 Bg7 4. e4 d6 5. Ne2 O-O 6. Be3 c5 7. d5 e6 8. Nec3 a6 9. a4 Nh5 10. Qd2 exd5 11. cxd5 f5 12. Be2 Nd7 13. exf5 gxf5 14.
O-O Ne5 15. Na3 f4 16. Bf2 Bf5 17. Nc4 Nxc4 18. Bxc4 Kh8 19. Kh1 Qf6 20. Bd3 Bxd3 21. Qxd3 Qh6 22. Rae1 Be5 23. Ne4 Rg8 24. Nxc5 Rg6 25.
Nd7 Rag8 26. Nxe5 dxe5 27. Rg1 Nf6 28. Qf5 Rg5 29. Qh3 Rh5 30. Rxe5 Rxh3 31. gxh3 Rxg1+ 32. Kxg1 Qxh3 33. Bd4 Kg8 34. Re6 Nxd5 35. Rd6 Qxf3 36. Rd8+ Kf7 37. Rd7+ Ke6 38. Rxb7 Ne3 39. Bxe3 Qxb7 40.
Bxf4 Qxb2 41. Bg3 Qa1+ 0-1

[Event "Late-Titled-Tuesday-Blitz-February-20-2024"]
[Site "Chess.com"]
[Date "2024.02.20"]
[Round "2"]
[White "Sajkochess"]
[Black "steepedgames"]
[Result "0-1"]
[WhiteElo "2349"]
[BlackElo "2557"]
[TimeControl "180+1"]
[EndTime "14:17:16 PST"]
[Termination "steepedgames won by resignation"]

1. e4 e6 2. d4 d5 3. Bd3 Nf6 4. e5 Nfd7 5. Nf3 c5 6. c3 b6 7. Na3 Ba6 8. Nb5 c4 9. Bg5 Qc8 10. Bc2 Bxb5 11. O-O Be7 12. Bxe7 Kxe7 13. Ng5 h6 14.
Nh3 Kd8 15. f4 g6 16. a4 Bc6 17. a5 Kc7 18. Qe2 Kb7 19. b3 cxb3 20. a6+ Kc7 21. Bxb3 b5 22. Bc2 Nb6 23. f5 gxf5 24. Qh5 Be8 25. Bd3 Nc4 26. Bxc4 bxc4 27. Qh4 Qd8 28. Qf2 Nc6 29. Rfb1 Rb8 30. Qa2 Bd7 31. Nf4 Qe7 32.
Rb7+ Rxb7 33. axb7 Rb8 34. Rb1 Rxb7 35. Rxb7+ Kxb7 36.
Qb2+ Kc7 37. Nh5 a5 38. Nf6 a4 39. Qb5 a3 40. Qa4 Bc8 41. Ng8 Qf8 42. Nf6 Bb7 43.
h4 Qa8 44. Qb5 Qa5 45. Qc5 Qxc5 46. dxc5 a2 47. Ne8+ Kb8 0-1

[Event "Late-Titled-Tuesday-Blitz-February-20-2024"]
[Site "Chess.com"]
[Date "2024.02.20"]
[Round "2"]
[White "TheMagician"]
[Black "Cambek64"]
[Result "1-0"]
[WhiteElo "2207"]
[BlackElo "2451"]
[TimeControl "180+1"]
[EndTime "14:17:16 PST"]
[Termination "TheMagician won by resignation"]

1. d4 Nf6 2. Nf3 c5 3. e3 Qc7 4. c4 g6 5. Nc3 Bg7 6. Bd2 O-O 7.
Rc1 d6 8. b3 b6 9. Be2 Bb7 10. O-O a6 11. Be1 Nbd7 12. Nd2 e5 13. d5 Rae8 14. e4 Kh8 15. g4 Ng8 16. Kh1 Bh6 17.
Rg1 Bf4 18. Rg2 Qd8 19. Rc2 Qh4 20. Nf3 Qh6 21. Bd2 f5 22. exf5 gxf5 23. g5 Qg7 24.
Bxf4 exf4 25. Qd2 Re4 26. Bd3 Qe7 27. g6 hxg6 28. Ne2 Kg7 29. Nxf4 Rxf4 30. Qxf4 Nh6 31. Re2 Qf6 32. Re6 Qxe6 33. dxe6 Nf6 34. Bxf5 Nxf5 35.
Qxf5 Be4 36. Rxg6+ Kh7 37. Rxf6+ Bxf5 38. Rxf8 Be4 39.
e7 1-0

[Event "Late-Titled-Tuesday-Blitz-February-20-2024"]
[Site "Chess.com"]
[Date "2024.02.20"]
[Round "2"]
[White "Vasily85"]
[Black "PawnEatingZombie"]
[Result "1-0"]
[WhiteElo "2473"]
[BlackElo "2204"]
[TimeControl "180+1"]
[EndTime "14:17:17 PST"]
[Termination "Vasily85 won by resignation"]

1. e4 d6 2. d4 Nf6 3. Nc3 e5 4.
Nge2 Nbd7 5. g3 c6 6. Bg2 Be7 7. O-O O-O 8. h3 b5 9. a3 Bb7 10. Be3 a5 11. f4 Qc7 12. g4 Nb6 13. b3 b4 14. Nb1 Ba6 15. Rf2 Rfd8 16. g5 Nfd7 17. f5 Bf8 18. Nd2 d5 19. Ng3 Bb7 20. g6 Nf6 21. dxe5 Nxe4 22. gxf7+ Kxf7 23. Qh5+ Kg8 24. Ndxe4 dxe4 25. Nxe4 Nd5 26. Ng5 h6 27. Ne6 Qxe5 28.
Bd4 Nf6 29. Bxe5 Nxh5 30. Nxd8 Rxd8 31. axb4 Bxb4 32. Kh2 Bc8 33. c3 Bc5 34. Rf3 Rd2 35.
Raf1 Nf6 36. Bxf6 gxf6 37. Rg3+ Kf7 38. Kh1 Ba6 39. Re1 Rb2 40. Bxc6 Rxb3 41. Bd5+ 1-0

[Event "Late-Titled-Tuesday-Blitz-February-20-2024"]
[Site "Chess.com"]
[Date "2024.02.20"]
[Round "2"]
[White "jactorres"]
[Black "vrekhson"]
[Result "0-1"]
[WhiteElo "2441"]
[BlackElo "2257"]
[TimeControl "180+1"]
[EndTime "14:17:17 PST"]
[Termination "vrekhson won on time"]

1. e4 c5 2. Nf3 a6 3. d4 cxd4 4.
Nxd4 Nf6 5. Nc3 e5 6. Nb3 Bb4 7. Bd3 d5 8. exd5 Nxd5 9. Bd2 Nxc3 10. bxc3 Bd6 11. O-O Qh4 12. Qf3 O-O 13. Qe4 Qxe4 14. Bxe4 Nc6 15. Rad1 Be6 16. Be3 Be7 17. a4 Rac8 18.
Nc5 Bxc5 19. Bxc5 Rfd8 20. Bb6 Rxd1 21. Rxd1 f5 22. Bd5 Kf7 23. c4 Kf6 24. c3 g5 25.
Bxe6 Kxe6 26. c5 Re8 27. Rd6+ Kf7 28. Kf1 Re6 29. Rd7+ Re7 30. Rd6 e4 31. Ke2 Ne5 32.
Rh6 Kg7 33. Rd6 f4 34. Rd8 Nc4 35. h3 h5 36. a5 g4 37. hxg4 hxg4 38. Rb8 f3+ 39.
gxf3 exf3+ 40. Kd3 g3 41. Kxc4 gxf2 42. c6 f1=Q+ 43.
Kb4 Qb5+ 44. Ka3 Qxc6 45. Bd4+ Kf7 46. Rh8 f2 47. Rh7+ Ke8 48. Rh8+ Kd7 49. Rf8 Re2 50.
Rf7+ Ke8 0-1

[Event "Late-Titled-Tuesday-Blitz-February-20-2024"]
[Site "Chess.com"]
[Date "2024.02.20"]
[Round "2"]
[White "emeli_chess"]
[Black "CaspiIsrael"]
[Result "1/2-1/2"]
[WhiteElo "2419"]
[BlackElo "2713"]
[TimeControl "180+1"]
[EndTime "14:17:18 PST"]
[Termination "Game drawn - insufficient material"]

1. d4 d5 2. c4 e6 3. Nc3 Nf6 4. cxd5 exd5 5. Bg5 Bb4 6. e3 h6 7. Bh4 g5 8. Bg3 Ne4 9. Rc1 h5 10. f3 Nxg3 11. hxg3 Be6 12. Bd3 c6 13. Ne2 Nd7 14. g4 h4 15. Ng3 Bd6 16. Nf5 Bxf5 17. Bxf5 Nf6 18. Qd3 Kf8 19. Rd1 Kg7 20. Kd2 b5 21. Kc2 Qa5 22. Kb1 b4 23. Ne2 Rae8 24. e4 Be7 25. e5 Nh7 26. g3 Nf8 27. gxh4 gxh4 28. f4 Rd8 29. g5 c5 30. dxc5 Qxc5 31. Nd4 Qc4 32. Rc1 Qxd3+ 33. Bxd3 Ng6 34. Bxg6 Kxg6 35. Rcg1 Bc5 36. f5+ Kg7 37. Rg4 h3 38. g6 Bxd4 39. gxf7+ Kxf7 40. Rxd4 Rh5 41. Rg4 Rxf5 42. Rxh3 Rc8 43.
Rh1 a5 44. a3 b3 45. Ra4 Rc5 46. Rc1 Rxc1+ 47. Kxc1 Rf2 48. Rxa5 Rc2+ 49. Kb1 Ke6 50. Rb5 Re2 51. Rxb3 Kxe5 52. a4 d4 53. a5 Rh2 54. a6 Rh8 55. a7 Ra8 56. Ra3 Ke4 57. Kc1 Kd5 58. Kd2 Kc4 59. Kc2 Kb4 60. Kd3 Kc5 61. Ra4 Kb5 62. b3 Kc5 63. Ra5+ Kb4 64. Ra1 Kxb3 65. Kxd4 Kb4 66. Kd5 Kb5 67. Kd6 Kb6 68.
Kd7 Kb7 69. Rb1+ Ka6 70. Ra1+ Kb6 71. Rb1+ Kxa7 72. Ra1+ Kb7 73. Rxa8 Kxa8 1/2-1/2

[Event "Late-Titled-Tuesday-Blitz-February-20-2024"]
[Site "Chess.com"]
[Date "2024.02.20"]
[Round "2"]
[White "Maestro1986"]
[Black "Viktor_Poddubnyi"]
[Result "1-0"]
[WhiteElo "2504"]
[BlackElo "2282"]
[TimeControl "180+1"]
[EndTime "14:17:19 PST"]
[Termination "Maestro1986 won on time"]

1. g3 g6 2. Bg2 Bg7 3. e4 c5 4. Ne2 Nc6 5. O-O Nf6 6. d4 cxd4 7. Nxd4 O-O 8. c4 Nxd4 9. Qxd4 d6 10. Nc3 Be6 11. Qd3 Rc8 12. Nd5 Bxd5 13. exd5 Nd7 14. Bf4 Bxb2 15. Rab1 Bg7 16. Qa3 Nb6 17. Qxa7 Nxc4 18.
Qxb7 Ra8 19. Rfc1 Ne5 20. Qb3 Qa5 21. Rc2 Rfc8 22. Rxc8+ Rxc8 23. a4 Ra8 24. Bf1 Nd7 25. Qb7 Nc5 26. Qxe7 Qxa4 27. Qxd6 Ne4 28. Qc6 Nc3 29. Rc1 Qa3 30. d6 Bf6 31. d7 Na2 32. Qxa8+ Qxa8 33. Rc8+ 1-0

[Event "Late-Titled-Tuesday-Blitz-February-20-2024"]
[Site "Chess.com"]
[Date "2024.02.20"]
[Round "2"]
[White "jamengrand"]
[Black "MKlose11"]
[Result "0-1"]
[WhiteElo "2332"]
[BlackElo "2612"]
[TimeControl "180+1"]
[EndTime "14:17:20 PST"]
[Termination "MKlose11 won on time"]

1. e4 e6 2. d4 d5 3. e5 c5 4.
c3 Nc6 5. Nf3 Bd7 6. Bd3 Qb6 7.
dxc5 Bxc5 8. Qe2 a5 9. Nbd2 a4 10. b4 axb3 11. Nxb3 Nge7 12. O-O Ng6 13. h4 Ba3 14. h5 Nge7 15. Be3 Qc7 16. h6 g6 17. Nc5 Nf5 18. Nxd7 Qxd7 19. Bb5 Nxe3 20. fxe3 O-O 21. Nd4 Qc7 22. Bxc6 bxc6 23. Nf3 Ra4 24. Rad1 Be7 25. Rd4 Rfa8 26. Rxa4 Rxa4 27. Rb1 Bf8 28. Qc2 Ra8 29. c4 Bxh6 30. Rb3 Qa7 31. cxd5 cxd5 32. Qc6 Qxa2 33.
Rb7 Rf8 34. Qc5 Qe2 35. Kh2 Bxe3 36. Qe7 Bf4+ 37. Kh3 Qf2 38. Qh4 Qxh4+ 39. Kxh4 h5 40. g4 hxg4 41. Kxg4 Bh6 42. Nh2 Rd8 43. Kf3 d4 44. Ng4 Bg7 45. Ke4 d3 46. Rb1 d2 47.
Rd1 Kf8 48. Nh2 Bh6 49. Nf3 Ke7 50. Nh2 Rd5 51. Nf3 Bg7 52. Rxd2 Rxd2 53. Nxd2 Bh6 54. Nf3 Bc1 55. Nh2 Kf8 56. Ng4 Kg7 57. Kf3 g5 58. Ke4 Kg6 0-1

[Event "Late-Titled-Tuesday-Blitz-February-20-2024"]
[Site "Chess.com"]
[Date "2024.02.20"]
[Round "2"]
[White "MAGMAchess02"]
[Black "Chesstrainer1"]
[Result "1/2-1/2"]
[WhiteElo "2243"]
[BlackElo "2474"]
[TimeControl "180+1"]
[EndTime "14:17:20 PST"]
[Termination "Game drawn by repetition"]

1. e4 c5 2. Nc3 a6 3. g3 b5 4. Bg2 Bb7 5. Nge2 e6 6. O-O Nf6 7. d4 cxd4 8. Nxd4 b4 9. Na4 Bc6 10. Nxc6 Nxc6 11. e5 Nxe5 12. Bxa8 Qxa8 13. f4 Neg4 14.
Qf3 Qa7+ 15. Kg2 h5 16. Bd2 h4 17. h3 hxg3 18. hxg4 Rh2+ 19. Kxg3 Rxd2 20. Rad1 d5 21.
Rxd2 Ne4+ 22. Kg2 Nxd2 23. Qf2 Qd7 24. Qxd2 Qxa4 25. Re1 Qxa2 26. f5 Kd7 27. fxe6+ fxe6 28. Qe2 d4 29. Qe4 Qc4 30. Qb7+ Ke8 31. Qb8+ Ke7 32.
Qb7+ Ke8 33. Qb8+ Ke7 34. Qa7+ Kd6 35. Qb6+ Kd7 36. Qa7+ Ke8 37. Qa8+ Ke7 38. Qa7+ Kd6 39. Qb6+ Ke7 40. Qb7+ Kd6 41. Qb8+ Ke7 1/2-1/2

[Event "Late-Titled-Tuesday-Blitz-February-20-2024"]
[Site "Chess.com"]
[Date "2024.02.20"]
[Round "2"]
[White "SharathRk6"]
[Black "HamedWafa4"]
[Result "0-1"]
[WhiteElo "2398"]
[BlackElo "2746"]
[TimeControl "180+1"]
[EndTime "14:17:21 PST"]
[Termination "HamedWafa4 won by resignation"]

1. e4 e5 2. Nf3 Nc6 3. Bc4 Bc5 4. c3 Nf6 5. d3 O-O 6. O-O d6 7. a4 a6 8. Nbd2 Ba7 9. h3 h6 10. Re1 Re8 11. Nf1 Be6 12. Bb3 Bxb3 13. Qxb3 Qd7 14. Be3 Bxe3 15. Nxe3 Ne7 16. Rad1 a5 17. Qc2 Ng6 18.
Kh2 d5 19. exd5 Nxd5 20. Nxd5 Qxd5 21. Qe2 Rad8 22. Qe4 c6 23. Qxd5 cxd5 24. Rd2 f6 25. Rde2 Re6 26. g3 Rb6 27. Kg2 Rc8 28. Ng1 Rbc6 29.
Rd2 Rb8 30. Ne2 b5 31. axb5 Rxb5 32. Ra1 Rcb6 33. Ra2 h5 34. c4 Rc5 35. Nc3 Rb7 36.
Nxd5 Ne7 37. Nxe7+ Rxe7 38. Ra3 Rd7 39. Kf3 Rxc4 40.
dxc4 Rxd2 41. Rxa5 Rxb2 42. Ke3 Rc2 43. c5 Kf7 44. f4 Rc3+ 45. Ke4 exf4 46. Kxf4 g5+ 47. Kf5 Rf3+ 48. Ke4 Rxg3 49. c6 Ke6 50. Ra8 Rc3 51. Rh8 Rxc6 52. Rxh5 Rc4+ 53. Kf3 Kf5 54. Rh8 Rc3+ 55.
Kg2 Kf4 56. Ra8 Rc2+ 57. Kg1 Kg3 58. Ra3+ Kh4 59. Kh1 f5 60. Kg1 f4 61. Kh1 Re2 62.
Kg1 Re3 63. Ra5 Kxh3 64. Rxg5 Rg3+ 65. Rxg3+ Kxg3 66. Kf1 Kf3 67. Kg1 Ke2 68. Kh2 f3 69. Kh3 f2 70. Kh4 f1=Q 0-1

[Event "Late-Titled-Tuesday-Blitz-February-20-2024"]
[Site "Chess.com"]
[Date "2024.02.20"]
[Round "2"]
[White "Navyblue1"]
[Black "Atousa"]
[Result "0-1"]
[WhiteElo "2189"]
[BlackElo "2464"]
[TimeControl "180+1"]
[EndTime "14:17:21 PST"]
[Termination "Atousa won on time"]

1. d4 Nf6 2. c4 e6 3. Nc3 Bb4 4. Nf3 O-O 5. Bd2 b6 6. e3 Bb7 7. Be2 d5 8. O-O dxc4 9. Bxc4 Nbd7 10. a3 Bd6 11. Re1 c5 12. dxc5 Nxc5 13. Qe2 Rc8 14.
Rad1 Bb8 15. Bc1 Qe7 16. Ba2 a6 17. Bb1 Qc7 18. e4 Ng4 19. h3 Ne5 20. Nxe5 Qxe5 21. f4 Qc7 22. Qg4 Rfd8 23. Be3 Qe7 24. Qh5 g6 25.
Qg4 h5 26. Qg5 Qxg5 27. fxg5 Be5 28. Kf2 Bxc3 29. Rxd8+ Rxd8 30. bxc3 Bxe4 31. Bxc5 Bxb1 32. Bxb6 Rd2+ 33. Ke3 Rd3+ 34. Kf2 Rd2+ 35. Ke3 Rb2 36. Bd4 Rb3 37. Bf6 Kf8 38. Rd1 Rb8 39. Rd2 Ke8 40. Rd4 Bf5 0-1

[Event "Late-Titled-Tuesday-Blitz-February-20-2024"]
[Site "Chess.com"]
[Date "2024.02.20"]
[Round "2"]
[White "FontVella8"]
[Black "Dzidzik2203"]
[Result "0-1"]
[WhiteElo "2673"]
[BlackElo "2396"]
[TimeControl "180+1"]
[EndTime "14:17:25 PST"]
[Termination "Dzidzik2203 won by checkmate"]

1. Nf3 d5 2. g3 Nf6 3. Bg2 g6 4. d3 Bg7 5. O-O O-O 6. c3 Nc6 7. Nbd2 e5 8. e4 dxe4 9. dxe4 Qd3 10. Re1 Rd8 11. Bf1 Qd6 12. Qc2 Bg4 13. Nc4 Qe7 14. Bg2 h6 15. a4 Rd7 16. b3 Rad8 17. Ba3 Qe6 18. Ne3 Bxf3 19. Bxf3 Rd2 20. Qb1 Na5 21. c4 R8d3 22. Bd1 Nxe4 23. Bb4 Nxf2 24. Bxd2 Rxd2 25.
Re2 Nxd1 26. Rxd2 Nxe3 27. Rd8+ Kh7 28. Qe1 Nxb3 29. Ra3 Nc2 30. Qc3 Nxa3 31. Qxb3 Nxc4 32. Qxb7 e4 33. Qxc7 e3 34. Qd7 Qf6 35. Kg2 Qf2+ 36.
Kh3 e2 37. Qe8 Qf5+ 38. g4 Qf3+ 39. Kh4 g5+ 40. Kh5 Qh3# 0-1

[Event "Late-Titled-Tuesday-Blitz-February-20-2024"]
[Site "Chess.com"]
[Date "2024.02.20"]
[Round "2"]
[White "gshwbedhkhd"]
[Black "Msb2"]
[Result "0-1"]
[WhiteElo "2608"]
[BlackElo "3017"]
[TimeControl "180+1"]
[EndTime "14:17:26 PST"]
[Termination "Msb2 won on time"]

1. e4 e6 2. d4 d5 3. Nc3 Nf6 4. e5 Nfd7 5. Nce2 c5 6. c3 Nc6 7. Nf3 Be7 8. h4 cxd4 9. cxd4 f6 10. Nf4 Ndxe5 11. dxe5 fxe5 12. Nh3 O-O 13. Be2 e4 14. Nd4 e5 15. Nb3 Bxh4 16. g3 Bf6 17. Be3 b6 18. Ng5 h6 19. Nxe4 dxe4 20. Bc4+ Kh7 21. Bd5 Nd4 22.
Bxe4+ Bf5 23. Qb1 Bxe4 24. Qxe4+ Kg8 25. Rd1 Qd7 26. O-O Rad8 27. f4 Qg4 28. Kg2 Nf5 29. Bf2 Rxd1 30. Rxd1 Nh4+ 31. Kh2 Qxd1 32. gxh4 exf4 33.
Nd4 Bxd4 34. Bxd4 Qg4 35. Qd5+ Kh8 36. h5 Qg3+ 37. Kh1 Qg5 38. Qe6 Qxh5+ 39. Kg2 Qg5+ 40.
Kf2 Kh7 41. Qe4+ Qg6 42. Qd5 Qg3+ 43. Ke2 f3+ 44. Kd2 f2 45. Qe4+ Qg6 0-1

[Event "Late-Titled-Tuesday-Blitz-February-20-2024"]
[Site "Chess.com"]
[Date "2024.02.20"]
[Round "2"]
[White "ValeriyGrinev"]
[Black "dretch"]
[Result "1-0"]
[WhiteElo "2564"]
[BlackElo "2888"]
[TimeControl "180+1"]
[EndTime "14:17:26 PST"]
[Termination "ValeriyGrinev won by checkmate"]

1. d4 d5 2. c4 c6 3. cxd5 cxd5 4. Bf4 Nc6 5. e3 Bf5 6. Nc3 e6 7. Qb3 Bb4 8. Bb5 Qa5 9. Bxc6+ bxc6 10. Ne2 Nf6 11. O-O O-O 12. Na4 Ne4 13. Rfc1 Rfc8 14. f3 Nd2 15. Qd1 Nc4 16. e4 Bg6 17. a3 Bf8 18. b3 Nd6 19. Bxd6 Bxd6 20. Nc5 Qc7 21. e5 Be7 22. Qd2 h6 23. Rc3 a5 24. Rac1 Qb6 25.
Qe3 Bg5 26. f4 Be7 27. g4 Ra7 28. Ng3 Bh7 29. Rf1 Rb8 30. f5 Bxc5 31. dxc5 Qd8 32. Ne2 h5 33. Nd4 Rc8 34. f6 hxg4 35. Qg5 Bg6 36.
Qxg4 Qf8 37. h4 Rb7 38. h5 Be4 39. Rg3 g6 40. hxg6 fxg6 41. Nxe6 Qh6 42. Rh3 Qd2 43.
f7+ Rxf7 44. Rxf7 Kxf7 45. Ng5+ Ke7 46. Rh7+ Kd8 47. Qd7# 1-0

[Event "Late-Titled-Tuesday-Blitz-February-20-2024"]
[Site "Chess.com"]
[Date "2024.02.20"]
[Round "2"]
[White "SchmakAttack"]
[Black "delqate"]
[Result "1-0"]
[WhiteElo "2817"]
[BlackElo "2520"]
[TimeControl "180+1"]
[EndTime "14:17:26 PST"]
[Termination "SchmakAttack won by resignation"]

1. e4 d5 2. exd5 Qxd5 3. Nc3 Qd8 4. d4 Nf6 5. Nf3 Bg4 6. h3 Bxf3 7. Qxf3 c6 8. Bd2 e6 9. O-O-O Nbd7 10. g4 Bb4 11. Kb1 a5 12. g5 Nd5 13. Ne4 Qe7 14. c3 Bd6 15. c4 Nb4 16. a3 Na6 17. Bd3 a4 18. h4 Bc7 19. h5 O-O-O 20. Rhe1 e5 21.
c5 Nab8 22. Bc4 Rhf8 23. d5 cxd5 24. Bxd5 Nc6 25. Bxc6 bxc6 26. Nd6+ Bxd6 27. cxd6 Qxd6 28. Ba5 Qe6 29. Bxd8 Rxd8 30. Re3 f5 31. gxf6 gxf6 32. Rc1 Kb7 33. Rec3 Rc8 34. Qe4 Nb6 35. Qxh7+ Rc7 36. Qg6 Nd5 37. Rc4 Nf4 38. Qe4 Nxh5 39. Rxa4 Nf4 40.
Qb4+ Kc8 41. Rd1 Nd5 42. Qf8+ Kd7 43. Ra8 c5 44. Rd8+ Kc6 45. R8xd5 Qxd5 46. Qa8+ Rb7 47. Rxd5 1-0

[Event "Late-Titled-Tuesday-Blitz-February-20-2024"]
[Site "Chess.com"]
[Date "2024.02.20"]
[Round "2"]
[White "GothamChess"]
[Black "Fore_Man"]
[Result "1-0"]
[WhiteElo "2706"]
[BlackElo "2359"]
[TimeControl "180+1"]
[EndTime "14:17:27 PST"]
[Termination "GothamChess won by checkmate"]

1. e4 Nc6 2. Nc3 Nf6 3. f4 d6 4. Nf3 e5 5. Bb5 exf4 6. d4 Be7 7. Bxf4 a6 8. Bxc6+ bxc6 9. O-O O-O 10. h3 a5 11.
Re1 Rb8 12. b3 Nd7 13. e5 d5 14. a4 Nb6 15. Qe2 Bf5 16. Nd1 Re8 17. Ne3 Be4 18. Nd2 Bg6 19. Nf3 Be4 20. Red1 Bb4 21. Qf2 Be7 22.
Qg3 Kh8 23. Kh1 Rc8 24. Ng5 Bg6 25. Rf1 h6 26. Nf3 c5 27. Rad1 cxd4 28. Nxd4 Bc5 29. c3 Bxd4 30. cxd4 c5 31. Ng4 cxd4 32. Rxd4 Rc2 33.
Rf2 Qc8 34. Kh2 Rxf2 35. Qxf2 Qc2 36. Qh4 h5 37. Rd2 Qxb3 38. Rf2 Nc4 39. Bc1 Nxe5 40. Nxe5 Rxe5 41. Bb2 Re4 42. Qg5 Qb8+ 43. g3 Qe8 44. Qh6+ Bh7 45. Qxg7# 1-0